 Dungeon Crawl Stone Soup version 0.30.0-29-ga12c61a403 (webtiles) character file.

Game seed: 3664929206260749342

140 qw the Shield-Bearer (level 5, 0/32 HPs)
             Began as a Gargoyle Fighter on June 5, 2023.
             Slain by an ogre
             ... wielding a +0 giant spiked club
              (16 damage)
             ... on level 4 of the Dungeon.
             The game lasted 00:00:54 (1863 turns).

qw the Shield-Bearer (Gargoyle Fighter)             Turns: 1863, Time: 00:00:55

Health: 0/32       AC: 16    Str: 22    XL:     5   Next: 23%
Magic:  5/5        EV:  5    Int:  8    God:
Gold:   107        SH:  8    Dex:  9    Spells: 4/4 levels left

rFire   . . .        Y - +1 war axe
rCold   . . .        i - +0 kite shield
rNeg    + . .        c - +0 plate armour
rPois   inf          k - +0 helmet
rElec   +            (no cloak)
rCorr   .            (no gloves)
SInv    .            (no boots)
Will    .....        (no amulet) Stlth
                     (no ring)
HPRegen 0.25/turn    (no ring)
MPRegen 0.09/turn

%: no passive effects
@: no status effects
A: sickness immunity, AC +4, negative energy resistance 1, electricity
resistance, torment resistance 1, petrification resistance
a: no special abilities


You were on level 4 of the Dungeon.
You visited 1 branch of the dungeon, and saw 4 of its levels.

You collected 107 gold pieces.


Innate Abilities, Weirdness & Mutations

You are immune to sickness and miasma.
Your stone body is resilient. (AC +4)
You are immune to poison.
You resist negative energy. (rN+)
You are resistant to electric shocks. (rElec)
You are resistant to unholy torment.
You are immune to petrification.


   Skills:
 - Level 3.2 Fighting
 - Level 4.1 Axes
 - Level 3.2 Armour
 + Level 4.3 Shields


You had 4 spell levels left.
You didn't know any spells.
Your spell library was empty.

Inventory:

Hand Weapons
 e - a +0 mace
 Y - a +1 war axe (weapon)
Missiles
 g - 5 boomerangs (quivered)
Armour
 c - a +0 plate armour (worn)
 i - a +0 kite shield (worn)
 k - a +0 helmet (worn)
Scrolls
 l - 3 scrolls of teleportation
Potions
 d - 2 potions of might
 f - a potion of degeneration {unknown}
 h - a potion of curing {unknown}
 m - a potion of attraction {unknown}

Dungeon Overview and Level Annotations

Branches:
Dungeon (4/15)
 Temple: D:4-7

Altars:


Message History

You start resting.
HP restored.
You open the door.
An iguana comes into view.
The iguana hisses angrily.
You throw a boomerang. The boomerang barely misses the iguana.
You closely miss the iguana.
The iguana bites you but does no damage. x2
You slash the iguana!
The iguana is severely wounded.
The iguana bites you but does no damage.
You barely miss the iguana.
The iguana is severely wounded.
The iguana bites you but does no damage. x2
You closely miss the iguana.
The iguana is severely wounded.
You hear the slow rusting of a very distant drain.
The iguana bites you but does no damage.
You slash the iguana!
You kill the iguana!
Your Shields skill increases to level 4!
You have reached level 5!
There is an open door here.
You see here an iguana corpse.
An ogre and a ball python come into view.
The ogre shouts!
You throw a boomerang. The boomerang hits the ball python.
You kill the ball python!
You throw a boomerang. The boomerang hits the ogre.
The ogre is moderately wounded.
You throw a boomerang. The boomerang barely misses the ogre.
You hit the ogre.
The ogre is moderately wounded.
The ogre hits you with a +0 giant spiked club!
Ouch! That really hurt!
You hit the ogre.
The ogre is heavily wounded.
The ogre hits you with a +0 giant spiked club!
Ouch! That really hurt!
You die...

#........'.....# ..
#........#.....# ...
#........#.....#
....##....##.#.....#
....########.###.....
..%.......%....#.....
..........#....# ....
..........#....# ....
.......@..#....#
....##.O..##...# ...
#....##...#
.....#.....
......#.....#
.......# ........#
...##....#


You could see an ogre.

Vanquished Creatures
  An iguana (D:4)
  Robin (D:2)
  4 adders
  8 ball pythons
  11 endoplasms
  3 giant cockroaches (D:1)
  11 goblins
  6 hobgoblins
  A jackal (D:1)
  7 kobolds
  A quokka (D:3)
  3 bats
  A frilled lizard (D:1)
  4 rats
62 creatures vanquished.

Notes
Turn   | Place    | Note
-------+----------+-------------------------------------------
     0 | D:1      | qw the Gargoyle Fighter began the quest for the Orb.
     0 | D:1      | Reached XP level 1. HP: 14/14 MP: 1/1
     0 | D:1      | 0 ||| qw: Version: 0.2-a-108-gee2c290
     0 | D:1      | 0 ||| qw: Game counter: 1396
     0 | D:1      | 0 ||| qw: Always use a shield: true
     0 | D:1      | 0 ||| qw: God list: Okawaru
     0 | D:1      | 0 ||| qw: Allow faded altars: false
     0 | D:1      | 0 ||| qw: Do Orc after D:15 true
     0 | D:1      | 0 ||| qw: Do second Lair branch before Depths: true
     0 | D:1      | 0 ||| qw: Lair rune preference: random
     0 | D:1      | 0 ||| qw: Plans: Normal, Zot:1-4, Slime:5, God:TSO, Crypt,
                  | Tomb, Abyss, Pan, Hells, Win
     0 | D:1      | 0 ||| PLANNING D:1-11
   183 | D:1      | 183 ||| Stepping ~*~*~tactically~*~*~ (stealth).
   184 | D:1      | 184 ||| Stepping ~*~*~tactically~*~*~ (stealth).
   253 | D:1      | Reached XP level 2. HP: 19/19 MP: 2/2
   726 | D:1      | 726 ||| DROPPING amulet of magic regeneration.
   727 | D:1      | 727 ||| READING scroll labelled JACZADYR GIPP.
   728 | D:1      | 728 ||| READING scroll labelled ITHRIM WOETSENT.
   758 | D:2      | Reached skill level 3 in Axes
   759 | D:2      | Reached XP level 3. HP: 22/23 MP: 3/3
   770 | D:2      | 770 ||| Stepping ~*~*~tactically~*~*~ (stealth).
   771 | D:2      | 771 ||| Stepping ~*~*~tactically~*~*~ (stealth).
   772 | D:2      | 772 ||| Stepping ~*~*~tactically~*~*~ (stealth).
   773 | D:2      | 773 ||| Stepping ~*~*~tactically~*~*~ (stealth).
   777 | D:2      | 777 ||| Stepping ~*~*~tactically~*~*~ (stealth).
   778 | D:2      | 778 ||| Stepping ~*~*~tactically~*~*~ (stealth).
   779 | D:2      | 779 ||| Stepping ~*~*~tactically~*~*~ (stealth).
   780 | D:2      | 780 ||| Stepping ~*~*~tactically~*~*~ (stealth).
   909 | D:2      | Noticed Robin
   913 | D:2      | Reached XP level 4. HP: 26/28 MP: 4/4
   913 | D:2      | Killed Robin
   923 | D:2      | 923 ||| Stepping ~*~*~tactically~*~*~ (stealth).
  1043 | D:2      | 1043 ||| Stepping ~*~*~tactically~*~*~ (stealth).
  1140 | D:2      | 1140 ||| UPGRADING to +0 kite shield.
  1150 | D:2      | 1150 ||| DROPPING +0 buckler.
  1151 | D:2      | 1151 ||| UPGRADING to +0 helmet.
  1156 | D:2      | 1156 ||| READING scroll labelled NUITAF PIANE.
  1157 | D:2      | 1157 ||| READING scroll labelled BUAPHU DESIWO.
  1158 | D:2      | 1158 ||| READING scroll labelled IBBITU WAPHIU.
  1760 | D:3      | 1760 ||| UPGRADING to +0 ring mail of cold resistance.
  1770 | D:3      | 1770 ||| DROPPING +0 scale mail.
  1771 | D:3      | 1771 ||| UPGRADING to +0 plate armour.
  1781 | D:3      | 1781 ||| DROPPING +0 ring mail of cold resistance.
  1782 | D:3      | 1782 ||| READING scroll labelled AGOENE DISOCK.
  1807 | D:4      | 1807 ||| PLANNING SEWER
  1854 | D:4      | Reached XP level 5. HP: 32/32 MP: 5/5
  1857 | D:4      | Noticed an ogre
  1863 | D:4      | Slain by an ogre

Levels and vault maps discovered:
D:1:      dpeg_arrival_brainrot, layout_loops_ring
D:2:      layout_rooms, uniq_robin
D:3:      layout_loops_ring
D:4:      layout_gridville, gammafunk_ghost_cemetery, portal_sewer_entry_a

Skill      XL: |  1  2  3  4 |
---------------+-------------+-----
Axes           | 2 3 4 |  4.1
Shields        | 4 |  4.3
Fighting       | |  3.2
Armour         | |  3.2

Action                     |  1- 3 |  4- 6 || total
---------------------------+-------+-------++-------
  Melee: War axe           |    59 |    75 ||   134
  Throw: Boomerang         |    26 |    22 ||    48
    Use: Scroll            |     2 |     4 ||     6
 Armour: Scale mail        |    33 |    34 ||    67
         Plate armour      |       |     7 ||     7
  Dodge: Dodged            |    26 |    23 ||    49
  Block: Buckler           |    12 |     2 ||    14
         Kite shield       |       |    18 ||    18

Table legend:
 A = Non-vault XP
 B = Vault XP
 C = Vault XP percentage of total XP
 D = Non-vault monster count
 E = Vault monster count
 F = Vault count percentage of total count
                 A         B        C        D         E       F
            +---------+---------+-------+---------+---------+-------
      Total |     167 |      34 |  16.9 |      50 |      12 |  19.4
            +---------+---------+-------+---------+---------+-------
        D:1 |      27 |       2 |   6.9 |      16 |       1 |   5.9
        D:2 |      56 |      32 |  36.4 |      13 |      11 |  45.8
        D:3 |      40 |       0 |   0.0 |      16 |       0 |   0.0
        D:4 |      44 |       0 |   0.0 |       5 |       0 |   0.0
            +---------+---------+-------+---------+---------+-------
